[Event "2nd Bassano Easter 2022"]
[Site "Bassano del Grappa"]
[Date "2022.04.16"]
[Round "5.7"]
[White "Petkidis, Anthony"]
[Black "Weber, Samuel"]
[Result "1-0"]
[ECO "B48"]
[WhiteElo "2420"]
[BlackElo "2250"]
[Annotator "TA"]
[PlyCount "75"]
[EventDate "2022.04.14"]
[EventType "swiss"]
[EventCountry "ITA"]
[SourceTitle "playchess.com"]
[Source "ChessBase"]
[SourceQuality "1"]
[TimeControl "30/3600+30:1800+30"]

1. e4 c5 2. Nf3 e6 3. d4 cxd4 4. Nxd4 Nc6 5. Nc3 Qc7 6. Be3 a6 7. Qd2 {[%emt 0:03:57] 7.g4 gains popularity.} b5 8. Nxc6 Qxc6 9. f3 {[%emt 0:03:07] B48: Sicilian: Taimanov: 5 Nc3 Qc7 6 Be3 a6 without Be2.} Bb7 10. O-O-O Nf6 11. g4 {[%emt 0:04:08] The position is equal.} d6 12. Ne2 {[%emt 0:10:07] &Bianco is more active.} (12. a3 $14) 12... Nd7 13. Nd4 Qc7 14. Kb1 Ne5 15. h4 (15. Qe2 $14 {is more appropriate.}) 15... Be7 (15... d5 $11) 16. g5 Rc8 (16... d5 $11) 17. Rg1 {[%emt 0:01:09] [#]} (17. Qh2 $16) 17... O-O $146 ({Predecessor:} 17... d5 18. Bf4 Bd6 19. Qg2 Nc4 20. Bxd6 Qxd6 21. Bxc4 bxc4 22. h5 g6 23. Rh1 Ke7 {0-1 (63) Kacharava,N (2480)-Tutisani,N (2412) Tbilisi 2022}) 18. h5 d5 $1 19. f4 Nc4 20. Qf2 (20. Bxc4 $14 {is the one way to stay ahead.} dxc4 21. Qg2) 20... Nxe3 $17 (20... dxe4 21. Bxc4 Qxc4 22. f5 $11) 21. Qxe3 Bc5 {[%emt 0:00:32] Hoping for ...Bxd4.} 22. c3 e5 23. fxe5 Qxe5 24. Bd3 dxe4 25. Bc2 f5 (25... b4 $17 {Strongly threatening ...bxc3.} 26. g6 bxc3 27. bxc3 Bd5 28. gxf7+ Bxf7) 26. gxf6 $1 $11 Rxf6 (26... Qxf6 $15 27. Rg5 (27. Bxe4 $2 Rce8 $19) 27... Kh8) 27. Rg5 Bxd4 28. cxd4 Qf4 29. Qb3+ (29. Bb3+ $11 {keeps the balance.} Kh8 30. Qxf4 Rxf4 31. Be6) 29... Kh8 $17 30. Rdg1 {[%emt 0:00:00][%mdl 8192] [#]} (30. Rc5 $17 {stays breathing.}) 30... e3 $4 (30... Qxg5 $3 $19 {[%mdl 512] avoids the disaster.} 31. Rxg5 Rf1+ 32. Bd1 e3) 31. Qd3 $1 $18 {[%emt 0:13:10][%csl Gc2][%cal Rd3h7] White is clearly winning.} (31. R5g4 Qf1+ $3 32. Bd1 e2 33. a3 Rf3) 31... Rxc2 (31... g6 $2 32. hxg6 Be4 33. g7+ Kg8 34. Qxe4) (31... Qe4 $142 32. Qxe4 Bxe4 33. Bxe4 e2) 32. Rxg7 (32. Qxc2 Be4 33. Rc1 Bxc2+ 34. Rxc2 Qe4 35. a3 Rf1+ 36. Ka2 Qxc2 37. Rc5 Qxc5 $3 38. dxc5 e2 39. Kb3 e1=Q 40. a4 Rf3+ 41. Kc2 Qe4+ 42. Kd2 Rf2+ 43. Kd1 Qh1#) 32... Rc1+ 33. Kxc1 e2+ {[%emt 0:00:03][%cal Be3e2,Be2e1,Be1d3][%mdl 32] [#]} 34. Kc2 $1 e1=N+ {[%emt 0:00:41] [#]} 35. Kb1 $1 Qc1+ 36. Kxc1 Nxd3+ 37. Kd2 Bd5 {[%emt 0:00:16] Prevents Rg8+.} 38. Rd7 {[%emt 0:02:23] Weighted Error Value: White=0.57/Black=0.58} 1-0

[Event "2nd Bassano Easter 2022"]
[Site "Bassano del Grappa"]
[Date "2022.04.16"]
[Round "5.8"]
[White "Kolb, Tobias"]
[Black "Hess, Max"]
[Result "1/2-1/2"]
[ECO "A42"]
[WhiteElo "2316"]
[BlackElo "2395"]
[Annotator "TA"]
[PlyCount "46"]
[EventDate "2022.04.14"]
[EventType "swiss"]
[EventCountry "ITA"]
[SourceTitle "playchess.com"]
[Source "ChessBase"]
[SourceQuality "1"]
[TimeControl "30/3600+30:1800+30"]

1. d4 g6 2. c4 Bg7 3. Nc3 d6 4. e4 e5 5. Nf3 exd4 6. Nxd4 Nc6 7. Be3 Nge7 8. Be2 O-O 9. O-O f5 10. exf5 Bxd4 11. Bxd4 Nxf5 12. Be3 Nxe3 13. fxe3 {[%emt 0:00:02] The position is equal.} Be6 {[%emt 0:01:05] A42: Modern Defence: Averbakh Variation.} 14. Rxf8+ Qxf8 {[%emt 0:00:46] [#]} 15. Bf3 $146 ({Predecessor:} 15. b3 Qg7 16. Qd2 Ne5 17. Rf1 b6 18. Bf3 Nxf3+ 19. Rxf3 a5 20. Qd4 Re8 21. Qxg7+ Kxg7 {0-1 (56) Banovic,I (2197)-Kadric,D (2494) Novi Sad 2014}) 15... Bxc4 16. Bxc6 bxc6 17. Qa4 Qf7 {[%emt 0:06:53] ...Rf8 is the strong threat.} 18. b3 Bb5 19. Nxb5 Rf8 {[%emt 0:02:41] [#] ( -> ...Qf2+)} 20. h3 $1 cxb5 21. Qxa7 Qf2+ 22. Kh1 Qb2 23. Rd1 Qc2 {[%emt 0:01:28] An interesting draw.  Weighted Error Value: White=0.01 (flawless) /Black=0.02 (flawless)} 1/2-1/2

[Event "2nd Bassano Easter 2022"]
[Site "Bassano del Grappa"]
[Date "2022.04.16"]
[Round "5.9"]
[White "Krasteva, Beloslava"]
[Black "Petrov, Martin"]
[Result "0-1"]
[ECO "E46"]
[WhiteElo "2246"]
[BlackElo "2542"]
[Annotator "TA"]
[PlyCount "70"]
[EventDate "2022.04.14"]
[EventType "swiss"]
[EventCountry "ITA"]
[SourceTitle "playchess.com"]
[Source "ChessBase"]
[SourceQuality "1"]
[TimeControl "30/3600+30:1800+30"]

1. d4 Nf6 2. c4 e6 3. Nc3 Bb4 4. e3 O-O 5. Nge2 d5 6. a3 Be7 7. cxd5 exd5 8. Nf4 Re8 9. Bd3 Bd6 10. O-O c6 11. Qc2 {[%emt 0:00:12] E46: Nimzo-Indian: Rubinstein: 4 e3 0-0 5 Ne2 without early Bd3.} a5 {[%emt 0:04:27] [#]} 12. Kh1 $146 ({Predecessor:} 12. Rb1 Na6 13. Bd2 h6 14. h3 Bc7 15. Rbe1 Qd6 16. e4 dxe4 17. Nxe4 Nxe4 18. Bxe4 {0-1 (35) Javakhishvili,L (2473)-Nogerbek,K (2328) Chess.com INT 2021}) 12... Na6 13. f3 {[%emt 0:01:42] White has an edge.} Nc7 14. e4 {[%emt 0:03:14] e5 is the strong threat.} Bxf4 15. Bxf4 Ne6 16. Be5 dxe4 17. Nxe4 Nxe4 18. Bxe4 {[%emt 0:01:44] A strong pair of Bishops.} (18. fxe4 $5 Nxd4 19. Qc5 $11) 18... Nf8 19. Rad1 Be6 20. Qf2 Ng6 21. Qg3 Qd7 22. Bc2 a4 23. Bd6 Bf5 24. Bxf5 Qxf5 25. Rd2 {[%emt 0:00:05][%cal Od4d5] Inhibits Re2.} Re6 26. Rfd1 (26. d5 $15 cxd5 27. Rfd1) 26... Rae8 (26... h5 $17 {Strongly threatening ...h4.} 27. h4 Rd8) 27. h3 {[%emt 0:01:41] [#]} (27. d5 $15 cxd5 28. h3) 27... h5 $1 $19 {[%emt 0:00:05] Hoping for ...h4.} 28. Bb4 (28. Bc7 $142) 28... Nf4 29. Bc3 Rg6 30. Qh4 {[%emt 0:00:00] [#]} (30. Qh2 $19 h4 31. Bb4) 30... Nxg2 $1 31. Rxg2 {[%emt 0:06:17] [#]} Rxg2 (31... Re2 $142 $3 32. Rg3 Qc2 33. Rxg6 fxg6) 32. Kxg2 Re2+ 33. Kg3 Qg6+ {[%emt 0:00:07] Black mates.} 34. Kf4 Qd6+ 35. Kf5 g6+ {[%emt 0:00:11] Weighted Error Value: White=0.79/Black=0.26 (precise)} 0-1

[Event "2nd Bassano Easter 2022"]
[Site "Bassano del Grappa"]
[Date "2022.04.16"]
[Round "5.10"]
[White "Bosiocic, Marin"]
[Black "Lohvinov, Petro"]
[Result "1-0"]
[ECO "E90"]
[WhiteElo "2522"]
[BlackElo "2230"]
[Annotator "TA"]
[PlyCount "87"]
[EventDate "2022.04.14"]
[EventType "swiss"]
[EventCountry "ITA"]
[SourceTitle "playchess.com"]
[Source "ChessBase"]
[SourceQuality "1"]
[TimeControl "30/3600+30:1800+30"]

1. d4 Nf6 2. c4 g6 3. Nc3 Bg7 4. e4 d6 5. h3 O-O 6. Be3 c5 7. Nf3 cxd4 8. Nxd4 (8. Qxd4 {[#]} Ng4 $1 9. Qd2 Nxe3 10. Qxe3 Be6 $15) 8... b6 {[%emt 0:00:40] E90: King's Indian: Classical: Early deviations and 6 h3.} 9. g3 Bb7 10. Bg2 Nbd7 {[%emt 0:06:34] White is slightly better.} 11. O-O Rc8 {[%emt 0:10:05] [#]} 12. Qe2 $146 ({Predecessor:} 12. b3 Ba8 13. Re1 a6 14. a4 e6 15. g4 h6 16. Qd2 Nc5 17. Qc2 Qc7 18. Rad1 {1-0 (31) Anton Guijarro,D (2630)-Radjabov,T (2722) Monzon 2016}) 12... Nc5 13. Qc2 Qd7 14. Rfd1 Ne6 15. b3 Nxd4 16. Bxd4 Rfd8 17. a4 Qc7 18. a5 Nd7 19. axb6 (19. Nb5 {feels hotter.} Qb8 20. axb6 axb6 21. Bxg7 Kxg7 22. Ra2) 19... axb6 20. Bxg7 Kxg7 21. Ra7 Qb8 (21... Bxe4 $2 22. Qb2 Qxa7 23. Nb5+ Nf6 24. Nxa7 $18) 22. Rda1 {[%emt 0:00:22] Black is on the road to losing.} Ne5 (22... Bc6 $142) 23. Qd2 Nc6 24. R7a3 {[%emt 0:00:21] 0x0.001a398f4a34dp-1022s more active pieces.} Ne5 25. Qd4 {[%emt 0:00:34] [#] And now f4 would win.} Kg8 26. Qxb6 Bc6 27. Qe3 Qb4 28. Nd5 Bxd5 29. exd5 (29. cxd5 $6 Rc3 30. Qg5 f6 $11) 29... Re8 30. Be4 (30. Ra7 $18) 30... Nd7 31. Bc2 e5 (31... e6 $16 {is a better defense.}) 32. Ra7 $18 Nc5 33. h4 (33. Qf3 $6 Rf8 34. Qe3 Qb8 $18) 33... e4 $2 (33... Rb8 34. Qg5 Rb7) 34. h5 {[%emt 0:00:31] aiming for h6.} ({Not} 34. Qf4 Rf8 35. Qe3 (35. Qxd6 Qc3 $11) 35... Rb8 $18) 34... Re5 (34... Rcd8 $142 35. Kg2 Rd7) 35. h6 {[%emt 0:00:05] Strongly threatening Qf4.} ({Weaker is} 35. Qf4 Rf5 36. Qe3 (36. Qxd6 Qd2 $11) 36... Rxh5 $16) 35... g5 {[%emt 0:09:14] Against Qf4} 36. Ra8 Qb7 37. Rxc8+ Qxc8 38. b4 Nd7 39. Ba4 {[%emt 0:00:09] Threatens to win with Bxd7.} f6 40. Bc6 Nb8 41. Ra8 {[%emt 0:01:39][%cal Ba1a8,Ba8b8,Bb8g8][%mdl 32] Qa7 would kill now.} Kf7 42. Qa7+ Kg6 43. Rxb8 Qh3 44. Rg8+ {[%emt 0:00:28] Weighted Error Value: White=0.06 (flawless) /Black=0.44} 1-0

[Event "2nd Bassano Easter 2022"]
[Site "Bassano del Grappa"]
[Date "2022.04.16"]
[Round "6.1"]
[White "Heberla, Bartlomiej"]
[Black "Basso, Pier Luigi"]
[Result "1/2-1/2"]
[ECO "D47"]
[WhiteElo "2570"]
[BlackElo "2600"]
[Annotator "TA"]
[PlyCount "47"]
[EventDate "2022.04.14"]
[EventType "swiss"]
[EventCountry "ITA"]
[SourceTitle "playchess.com"]
[Source "ChessBase"]
[SourceQuality "1"]
[TimeControl "30/3600+30:1800+30"]

1. d4 d5 2. c4 c6 3. Nc3 Nf6 4. Nf3 e6 5. e3 Nbd7 6. Bd3 dxc4 7. Bxc4 b5 8. Be2 Bb7 9. O-O a6 10. e4 c5 {[%emt 0:00:12] The position is equal.} 11. d5 {[%emt 0:01:58] D47: Semi-Slav: Meran System.} exd5 12. e5 Ne4 13. Nxd5 Nxe5 14. Nxe5 {[%emt 0:00:07][%cal Oe2c4] [#] And now Bc4! would win.} Qxd5 15. Qxd5 Bxd5 16. Rd1 Be6 17. a4 Bd6 18. Nc6 {[%emt 0:00:44] [#] Hoping for Bf3.} Bb3 {[%emt 0:02:06][%csl LRa4,LRd1] [#]} 19. Rd3 $146 ({Predecessor:} 19. Re1 O-O 20. axb5 axb5 21. Rxa8 Rxa8 22. Bxb5 Ra1 23. Bd2 Rxe1+ 24. Bxe1 Bf4 25. Na5 {½-½ (41) Aleksandrov,A (2596)-Kovalev,V (2538) Minsk 2016}) 19... Bc4 20. Re3 Bxe2 21. Rxe4+ Kd7 {[%emt 0:00:09] Strongly threatening ...Rae8.} 22. Ne5+ Bxe5 23. Rxe5 Rhe8 24. Rxc5 {[%emt 0:00:10] An even fight not without its subleties.  Weighted Error Value: White=0.01 (flawless) /Black=0.00 (flawless)} 1/2-1/2

[Event "2nd Bassano Easter 2022"]
[Site "Bassano del Grappa"]
[Date "2022.04.16"]
[Round "6.2"]
[White "Bernadskiy, Vitaliy"]
[Black "Huber, Benedikt"]
[Result "1-0"]
[ECO "D03"]
[WhiteElo "2601"]
[BlackElo "2191"]
[Annotator "TA"]
[PlyCount "30"]
[EventDate "2022.04.14"]
[EventType "swiss"]
[EventCountry "ITA"]
[SourceTitle "playchess.com"]
[Source "ChessBase"]
[SourceQuality "1"]
[TimeControl "30/3600+30:1800+30"]

1. d4 Nf6 2. Bg5 d5 3. Nd2 c6 4. Ngf3 Ne4 5. Bf4 Bf5 6. e3 {[%emt 0:00:17] D03: 1 d4 d5 2 Nf3 Nf6 3 Bg5, including Torre Attack with early ...d5.} e6 7. Nxe4 Bxe4 8. Bd3 Bg6 {[%emt 0:05:02] [#]} 9. h4 $146 ({Predecessor:} 9. Ne5 Nd7 10. Nxd7 Qxd7 11. O-O Be7 12. Qe2 Bxd3 13. Qxd3 {½-½ (13) Klaric,Z (2465)-Ivkov,B (2540) Borovo 1981}) 9... Bd6 10. h5 Bxd3 11. cxd3 Bxf4 {[%emt 0:07:05] The position is equal.} 12. exf4 h6 13. Qd2 Qd6 14. Kf1 Nd7 15. Re1 O-O-O {[%emt 0:00:50] Weighted Error Value: White=0.08 (flawless) /Black=0.09 (flawless)} 1-0

[Event "2nd Bassano Easter 2022"]
[Site "Bassano del Grappa"]
[Date "2022.04.16"]
[Round "6.3"]
[White "Postny, Evgeny"]
[Black "Nesterov, Arseniy"]
[Result "1/2-1/2"]
[ECO "D59"]
[WhiteElo "2567"]
[BlackElo "2522"]
[Annotator "TA"]
[PlyCount "39"]
[EventDate "2022.04.14"]
[EventType "swiss"]
[EventCountry "ITA"]
[SourceTitle "playchess.com"]
[Source "ChessBase"]
[SourceQuality "1"]
[TimeControl "30/3600+30:1800+30"]

1. d4 d5 2. c4 e6 3. Nc3 Nf6 4. Bg5 Be7 5. e3 O-O 6. Nf3 h6 7. Bh4 b6 8. Rc1 Bb7 9. cxd5 Nxd5 10. Bxe7 Qxe7 11. Bd3 Rc8 12. O-O Nxc3 13. Rxc3 {[%emt 0:00:14] The position is equal.} Nd7 {[%emt 0:01:58][%cal Bb8d7,Bd7f6,Bf6e4][%mdl 32] D59: Queen's Gambit Declined: Tartakower Defence: Main line (8 cxd5 Nxd5).} 14. Qe2 c5 15. Ba6 {[%emt 0:04:07] [#]} Nf6 $146 ({Predecessor:} 15... cxd4 16. Rxc8+ Bxc8 17. Nxd4 Bxa6 18. Qxa6 Nc5 19. Qc4 Qd7 20. b4 Ne4 21. Rc1 Nd6 22. Qa6 Rc8 23. Rd1 Nf5 24. Qf1 {½-½ (24) Halkias,S (2525)-Gavrilakis,N (2425) Athens 2001}) 16. Bxb7 Qxb7 17. dxc5 Ne4 18. Rc2 Rxc5 19. Rxc5 Nxc5 20. Rd1 {[%emt 0:00:59] Not much happened in this game.  Weighted Error Value: White=0.00 (flawless) /Black=0.01 (flawless)} 1/2-1/2

[Event "2nd Bassano Easter 2022"]
[Site "Bassano del Grappa"]
[Date "2022.04.16"]
[Round "6.4"]
[White "Petrov, Martin"]
[Black "Petkidis, Anthony"]
[Result "1-0"]
[WhiteElo "2542"]
[BlackElo "2420"]
[Annotator "TA"]
[PlyCount "23"]
[EventDate "2022.04.14"]
[EventType "swiss"]
[EventCountry "ITA"]
[SourceTitle "playchess.com"]
[Source "ChessBase"]
[SourceQuality "1"]
[TimeControl "30/3600+30:1800+30"]

1. Nf3 Nf6 2. c4 e6 3. Nc3 d5 4. e3 a6 {[%emt 0:00:00] [#] Not much happened in this game.} {Predecessor:} 5. b3 $146 Bd6 6. Bb2 {A17: English Opening: 1...Nf6 with ...Bb4.} O-O 7. g4 Nc6 8. g5 Ne4 9. h4 Nxc3 10. Bxc3 dxc4 11. bxc4 e5 12. Qb1 {1-0 (28) Ponkratov,P (2650)-Predke,A (2673) Moscow 2021} 1-0

[Event "2nd Bassano Easter 2022"]
[Site "Bassano del Grappa"]
[Date "2022.04.16"]
[Round "6.5"]
[White "Fier, Alexandr"]
[Black "Fischer, Daniel"]
[Result "1/2-1/2"]
[ECO "D38"]
[WhiteElo "2583"]
[BlackElo "2356"]
[Annotator "TA"]
[PlyCount "99"]
[EventDate "2022.04.14"]
[EventType "swiss"]
[EventCountry "ITA"]
[SourceTitle "playchess.com"]
[Source "ChessBase"]
[SourceQuality "1"]
[TimeControl "30/3600+30:1800+30"]

1. d4 Nf6 2. c4 e6 3. Nc3 Bb4 4. Nf3 d5 5. Qa4+ Nc6 6. a3 Bxc3+ 7. bxc3 Ne4 {[%emt 0:00:17] D38: Queen's Gambit Declined: Ragozin Defence (4 Nf3 Bb4).} 8. e3 Nxc3 9. Qc2 Ne4 {[%emt 0:00:06][%cal Bc3e4,Be4d6,Bd6f5][%mdl 32] The position is equal.} 10. Bd3 Nd6 11. c5 Nf5 12. O-O {[%emt 0:06:58] [#]} f6 $146 ({Predecessor:} 12... h6 13. Rb1 O-O 14. Qc3 Nfe7 15. Bd2 b6 16. Rfc1 Na5 17. Qc2 Nc4 18. Bxc4 dxc4 19. Qxc4 {½-½ (33) Topalov,V (2760)-Anand,V (2779) Saint Louis 2016}) 13. Bb2 h5 14. Rfe1 Nce7 15. Nd2 Kf7 16. f3 a5 17. a4 g5 18. e4 dxe4 19. fxe4 Nxd4 20. Qc4 Nec6 21. Rf1 ({White should try} 21. e5 $1 $14) 21... Kg6 {[%emt 0:06:30] And now ...e5 would win.} 22. e5+ $1 f5 23. Rad1 $1 Qd5 {[%emt 0:00:59] [#] ...Qxc4 is the strong threat.} (23... b6 $5 24. cxb6 Ba6 $11) 24. Bxf5+ $1 Nxf5 25. Rxf5 {[%emt 0:00:02] Hoping for Rf6+.} Qxc4 $1 (25... Kxf5 {leads to mate.} 26. Qc2+ Kg4 27. Ne4) 26. Rf6+ Kg7 27. Nxc4 Rf8 28. Bc3 Rf7 29. Rdf1 Rd7 30. Rf8 ({Much worse is} 30. Rxe6 Rd3 31. Ref6 Be6 32. Rxe6 Rxc3 $11) 30... g4 (30... b6 $14) 31. Re8 {[%emt 0:23:30] 0x0.001c68f4b568dp-1022s more active pieces.} (31. R1f6 $16) 31... Rd8 $11 32. Rxd8 Nxd8 33. Bxa5 b6 $1 34. cxb6 cxb6 35. Bxb6 Ba6 36. Rf4 Nc6 37. Nd6 Rf8 38. Rxf8 Kxf8 $16 {[%emt 0:00:05][%mdl 4096] Endgame KBN-KBN} 39. Bc5 Kg8 40. Ne4 Nxe5 41. Nf6+ Kf7 42. Nxh5 Nd3 43. Bb6 Bb7 44. a5 Kg6 45. Ng3 Nf4 46. Kf2 e5 47. Nf1 Nxg2 ({Black should play} 47... Nd5 $1 $14) 48. a6 $1 Bc6 49. Ne3 (49. Nd2 $16) 49... Nxe3 $14 50. Bxe3 {[%emt 0:00:06] Weighted Error Value: White=0.13 (very precise) /Black=0.12 (very precise)} 1/2-1/2

[Event "2nd Bassano Easter 2022"]
[Site "Bassano del Grappa"]
[Date "2022.04.16"]
[Round "6.6"]
[White "Baum, Jonasz"]
[Black "Bosiocic, Marin"]
[Result "1-0"]
[ECO "C54"]
[WhiteElo "2287"]
[BlackElo "2522"]
[Annotator "TA"]
[PlyCount "55"]
[EventDate "2022.04.14"]
[EventType "swiss"]
[EventCountry "ITA"]
[SourceTitle "playchess.com"]
[Source "ChessBase"]
[SourceQuality "1"]
[TimeControl "30/3600+30:1800+30"]

1. e4 e5 2. Nf3 Nc6 3. Bc4 Bc5 4. c3 Nf6 5. d3 d6 6. Bg5 h6 7. Bh4 a6 8. a4 $1 {[%emt 0:00:04] C54: Giuoco Piano: 4 c3 Nf6, main lines with 5 d4 and 5 d3.} Ba7 9. Nbd2 g5 10. Bg3 {[%emt 0:00:05] The position is equal.} O-O 11. O-O Re8 {[%emt 0:06:55] [#]} 12. b4 $146 ({Predecessor:} 12. Re1 Qe7 13. b4 Qf8 14. b5 Ne7 15. Nf1 Ng6 16. Ne3 Nf4 17. Bxf4 gxf4 18. Nd5 Nxd5 19. Bxd5 {1-0 (41) Nemcova,K (2169)-Ghukasyan,S (2168) Terme Catez 2021}) 12... Be6 13. Kh1 Nh5 14. b5 {[%emt 0:03:17] Hoping for Bxe6.} Bxc4 (14... Na5 $14) 15. Nxc4 $16 Ne7 {[%emt 0:00:49] [#]} (15... Nb8 $16) 16. Nfxe5 $1 $18 Nxg3+ 17. fxg3 dxe5 18. Nxe5 Qd6 $2 (18... Rf8) 19. Nxf7 Qe6 20. Qh5 Rf8 21. Nxh6+ Kg7 22. Qxg5+ (22. Ng4 Qg6 23. Qxg6+ Nxg6 $14) 22... Kh7 23. Ng4 Ng8 {[%emt 0:01:36] Inhibits Rf6.} 24. Rf5 Rxf5 25. exf5 ({Not} 25. Qxf5+ Qxf5 26. exf5 Ne7 $16) 25... Qf7 26. Qh4+ Kg7 27. f6+ ({Weaker is} 27. bxa6 Qxf5 28. d4 (28. axb7 Rf8 $11) 28... bxa6 $16) 27... Kf8 28. Ne5 {[%emt 0:00:04] Weighted Error Value: White=0.04 (flawless) /Black=0.91} 1-0

[Event "2nd Bassano Easter 2022"]
[Site "Bassano del Grappa"]
[Date "2022.04.16"]
[Round "6.7"]
[White "Gallego Alcazar, Andres Felipe"]
[Black "Kolb, Tobias"]
[Result "1/2-1/2"]
[ECO "E07"]
[WhiteElo "2523"]
[BlackElo "2316"]
[Annotator "TA"]
[PlyCount "61"]
[EventDate "2022.04.14"]
[EventType "swiss"]
[EventCountry "ITA"]
[SourceTitle "playchess.com"]
[Source "ChessBase"]
[SourceQuality "1"]
[TimeControl "30/3600+30:1800+30"]

1. d4 d5 2. c4 e6 3. Nf3 Nf6 4. g3 Be7 5. Bg2 O-O 6. Nc3 c6 7. O-O Nbd7 8. b3 b6 9. Qd3 Bb7 {[%emt 0:02:26] E07: Closed Catalan: Main Line (5 Nf3 0-0 6 0-0 Nbd7).} 10. Rd1 c5 11. cxd5 Nxd5 {[%emt 0:01:38] White is slightly better.} 12. Nxd5 Bxd5 13. e4 Bb7 14. Bb2 cxd4 15. Qxd4 {[%emt 0:04:35][%csl Gb2][%cal Rd4g7] [#]} Nf6 $1 16. Qe3 Qe8 17. Ne5 Rd8 18. Bd4 Nd7 {[%emt 0:06:29] [#]} 19. Nc4 $146 ({Predecessor:} 19. Nxd7 Qxd7 20. Bf3 Qc7 21. Rac1 Qb8 22. Qc3 Rc8 23. Qb2 Rxc1 24. Rxc1 f6 25. Qe2 Rc8 26. Rxc8+ {½-½ (26) Baenziger,F (2408)-Gungl,T (2368) Marianske Lazne 2022}) 19... Bc5 (19... Ba6 $11) 20. e5 Bxg2 21. Kxg2 Be7 22. Qf3 Nb8 23. Rac1 Qc6 {[%emt 0:02:37] Inhibits Nd6.} 24. Bb2 Qxf3+ 25. Kxf3 Rxd1 26. Rxd1 Rd8 27. Rxd8+ Bxd8 28. Nd6 Nc6 {[%emt 0:02:13] The position is equal.} 29. Ke4 Be7 30. Nb5 Kf8 31. Nd4 {[%emt 0:05:45] Weighted Error Value: White=0.06 (flawless) /Black=0.06 (flawless)} 1/2-1/2

[Event "2nd Bassano Easter 2022"]
[Site "Bassano del Grappa"]
[Date "2022.04.16"]
[Round "6.8"]
[White "Nandhidhaa, P V"]
[Black "Gilevych, Artem"]
[Result "1-0"]
[ECO "B29"]
[WhiteElo "2380"]
[BlackElo "2422"]
[Annotator "TA"]
[PlyCount "107"]
[EventDate "2022.04.14"]
[EventType "swiss"]
[EventCountry "ITA"]
[SourceTitle "playchess.com"]
[Source "ChessBase"]
[SourceQuality "1"]
[TimeControl "30/3600+30:1800+30"]

1. e4 c5 2. Nf3 Nf6 3. e5 Nd5 4. Nc3 e6 5. Nxd5 exd5 6. d4 Nc6 7. dxc5 Bxc5 8. Qxd5 d6 9. exd6 Qb6 10. Qe4+ Be6 11. Qh4 Bxd6 {[%emt 0:02:19] B29: Sicilian: 2 Nf3 Nf6 (Nimzowitsch Variation).} 12. Be2 {[%emt 0:08:49] was the old line (12.Bd3).} Bf5 13. O-O Bxc2 {[%emt 0:04:46] [#]} (13... O-O $1 $14 {is superior.}) 14. Bd1 $146 ({Predecessor:} 14. Qc4 Bf5 15. Qd5 Qc5 16. Rd1 Rd8 17. Qxc5 Bxc5 18. Rxd8+ Nxd8 19. Bb5+ Bd7 20. Bxd7+ Kxd7 {½-½ (38) Remete,E (2132)-Gara,A (2340) Visegrad 2008}) 14... Bxd1 15. Rxd1 Be7 16. Bg5 {[%emt 0:03:31] aiming for Bxe7.} f6 17. Be3 Qb5 18. a4 Qb3 19. Qh5+ Qf7 20. Qb5 O-O 21. Qxb7 Na5 22. Qd5 {[%emt 0:04:57] 0x0.00018dd7ffe2dp-1022s more active pieces.} Nb3 {[%emt 0:01:02] White must now prevent ...Qxd5.} 23. Qxf7+ Kxf7 24. Rab1 Rfd8 25. Nd4 Nxd4 26. Rxd4 Rxd4 27. Bxd4 {[%emt 0:00:02][%mdl 4096] Endgame KRB-KRB} Bb4 28. Kf1 Rc8 29. Ke2 Ke6 30. Kd3 Kd5 31. Be3 a6 32. Rc1 Rxc1 33. Bxc1 {[%emt 0:00:15] KB-KB} h5 34. b3 g5 35. Bb2 Be7 36. Bc3 Bd8 37. b4 f5 38. Bd4 h4 $2 {[%emt 0:02:33] This costs Black the game.} (38... Bc7 $16) 39. h3 $18 g4 40. b5 axb5 41. axb5 Bc7 42. b6 Bd6 43. Bf6 gxh3 44. gxh3 Kc6 45. Bd8 Bc5 46. Ke2 {[%emt 0:02:53] White wants to mate with Kf3.} Kd7 {[%emt 0:02:25] [#]} 47. b7 $1 {[%emt 0:01:46] White mates.} Bd6 48. Bxh4 Kc7 49. Kf3 Kxb7 50. Bg3 Bb4 51. Kf4 Kc8 52. Kxf5 Be1 53. Ke6 Kd8 54. Kf7 {[%emt 0:00:05] Weighted Error Value: White=0.03 (flawless) /Black=0.30} (54. h4 $142 Ke8 55. h5 Kf8 56. Kf6 Kg8 57. Kg6 Kf8 58. Be5 Ke8 59. h6) 1-0